 Dungeon Crawl Stone Soup version 0.29.1-12-g30fa7ad0bf (webtiles) character file.

Game seed: 557949888334849734

3120 wormed the Cleaver (level 9, -1/81 HPs)
             Began as a Minotaur Berserker on Dec 19, 2022.
             Was an Elder of Trog.
             Slain by a gnoll sergeant
             ... wielding a +2 trident of distortion
              (6 damage)
             ... on level 8 of the Dungeon.
             The game lasted 00:23:04 (8363 turns).

wormed the Cleaver (Minotaur Berserker)             Turns: 8363, Time: 00:23:05

Health: -1/81      AC: 17    Str: 25    XL:     9   Next: 60%
Magic:  8/8        EV:  8    Int:  4    God:    Trog [****..]
Gold:   389        SH:  0    Dex: 11    Spells: 8/8 levels left

rFire   . . .      SeeInvis .   z - +2 hand axe
rCold   . . .      Faith    .   (no shield)
rNeg    . . .      Spirit   .   d - +0 plate armour
rPois   .          Reflect  .   (helmet restricted)
rElec   .          Harm     .   r - +1 cloak
rCorr   .          Rampage  .   y - +0 pair of gloves
Will    .....                   (no boots)
Stlth   ..........              (no amulet)
HPRegen 0.23/turn               (no ring)
MPRegen 0.11/turn               (no ring)

@: on berserk cooldown, hasted and slowed
A: horns 2, retaliatory headbutt
a: Renounce Religion, Berserk, Trog's Hand, Brothers in Arms


You were on level 8 of the Dungeon.
You worshipped Trog.
Trog was greatly pleased with you.
You visited 1 branch of the dungeon, and saw 8 of its levels.
You also visited: Sewer.

You collected 389 gold pieces.

Inventory:

Hand Weapons
 z - a +2 hand axe (weapon)
Armour
 d - a +0 plate armour (worn)
 k - a +0 tower shield
 r - a +1 cloak (worn)
 y - a +0 pair of gloves (worn)
Wands
 g - a wand of polymorph (6)
 w - a wand of mindburst (7)
Scrolls
 e - a scroll of magic mapping
 f - 3 scrolls of immolation
 h - a scroll of enchant armour
 l - 3 scrolls of blinking
 o - 3 scrolls of butterflies
 q - a scroll of enchant weapon
 s - 2 scrolls of teleportation
 v - a scroll of amnesia
 x - 2 scrolls of identify
Potions
 b - 2 potions of haste
 c - 3 potions of curing
 i - 3 potions of attraction
 j - a potion of degeneration
 m - a potion of might
 n - a potion of berserk rage
 p - 2 potions of magic
 t - 4 potions of lignification
 u - a potion of cancellation


   Skills:
 + Level 8.1 Fighting
 * Level 10.9 Axes
 + Level 7.5 Armour
 - Level 2.1 Dodging
 + Level 7.1 Shields


You had 8 spell levels left.
You didn't know any spells.
Your spell library was empty.

Dungeon Overview and Level Annotations

Branches:
Dungeon (8/15)             Temple (0/1) D:5           Sewer (visited)
   Lair: D:8-11

Altars:
Cheibriados
Dithmenos
Elyvilon
Sif Muna
Trog
Vehumet
Zin

Shops:
D:3 [


Innate Abilities, Weirdness & Mutations

You have a pair of horns on your head.
You reflexively headbutt those who attack you in melee.


Message History

You kill the killer bee!
Trog accepts your kill.
The gnoll sergeant hits you but does no damage.
Space warps horribly around you!
* * * LOW HITPOINT WARNING * * *
The gnoll sergeant hits you but does no damage.
Space warps horribly around you!
* * * LOW HITPOINT WARNING * * *
A gnoll comes into view. It is wielding a +0 flail.
Items here: )) [[.
The gnoll sergeant blocks your attack.
The gnoll sergeant hits you from afar with a +2 trident of distortion.
* * * LOW HITPOINT WARNING * * *
You blink.
You are too berserk!
You feel a strong urge to attack something.
You are too berserk!
You feel your anger nearly subside.
You are no longer berserk.
You are exhausted.
You feel yourself slow down.
Blink to where?
Press: ? - help, Dir - move target A bullfrog comes into view.
As you read the scroll of blinking, it crumbles to dust.
The bullfrog croaks.
The bullfrog hits you but does no damage. x2
You hit the bullfrog. Your headbutt misses the bullfrog.
The bullfrog is lightly wounded.
The bullfrog barely misses you.
The bullfrog hits you but does no damage.
You barely miss the bullfrog.
The bullfrog is lightly wounded.
The bullfrog hits you.
* * * LOW HITPOINT WARNING * * *
You feel yourself speed up.
The bullfrog hits you but does no damage.
The gnoll sergeant hits you from afar with a +2 trident of distortion.
* * * LOW HITPOINT WARNING * * *
Space warps around you.
You die...

.... # ##.#.##
####...
..#..###.....#
#......@.#
#......F.###
##...###.g.#
#...# ##.#
####.<# #g#
#.....# #.##
zz #.###..#
#.g## .# ###.#
##.# ##.g###
.# # #...# ..#
##...# #.#


You could see a gnoll sergeant, a bullfrog and a gnoll.

Vanquished Creatures
  Sigmund (D:5)
  A water moccasin (D:6)
  2 ice beasts
  2 orc warriors (D:7)
  Pargi (Sewer)
  4 black bears
  An ogre (D:5)
  A bullfrog (D:6)
  A kobold brigand (D:7)
  5 scorpions
  2 necrophages (D:6)
  8 wights
  4 killer bees (D:8)
  2 howler monkeys (D:8)
  A hound (D:6)
  3 orc priests
  A jelly (D:7)
  Crazy Yiuf (D:3)
  8 iguanas
  4 orc wizards
  2 gnolls
  6 adders
  3 shadow imps
  3 ufetubi
  4 dart slugs
  21 orcs
  4 endoplasms
  4 giant cockroaches (D:6)
  11 goblins
  8 hobgoblins
  8 jackals
  18 kobolds
  6 quokkas
  12 ball pythons
  9 bats
  3 frilled lizards
  5 rats
180 creatures vanquished.

Vanquished Creatures (others)
  3 fungi (D:3)
  2 plants (D:3)
5 creatures vanquished.

Grand Total: 185 creatures vanquished

Notes
Turn   | Place    | Note
-------+----------+-------------------------------------------
     0 | D:1      | wormed the Minotaur Berserker began the quest for the Orb.
     0 | D:1      | Reached XP level 1. HP: 19/19 MP: 0/0
   394 | D:1      | Reached XP level 2. HP: 19/27 MP: 1/1
   502 | D:1      | Reached skill level 4 in Axes
   661 | D:1      | Reached skill level 1 in Shields
   801 | D:1      | Reached XP level 3. HP: 21/33 MP: 2/2
  1312 | D:2      | Found a faded altar of an unknown god.
  1419 | D:2      | Reached ** piety under Trog
  2244 | D:3      | Reached XP level 4. HP: 35/40 MP: 3/3
  2473 | D:3      | Reached skill level 5 in Axes
  2562 | D:3      | Found Xas Qida's Antique Armour Shoppe.
  2707 | D:3      | Found a snail-covered altar of Cheibriados.
  2852 | D:3      | Reached XP level 5. HP: 46/47 MP: 4/4
  2972 | D:3      | Found a runed translucent door.
  2973 | D:3      | Noticed Crazy Yiuf
  2979 | D:3      | Killed Crazy Yiuf
  3035 | D:4      | Reached *** piety under Trog
  3217 | D:4      | Found a bloodstained altar of Trog.
  3217 | D:4      | Found a shadowy altar of Dithmenos.
  3218 | D:4      | Found a shimmering blue altar of Sif Muna.
  3300 | D:4      | Reached XP level 6. HP: 42/55 MP: 5/5
  3527 | D:4      | Reached skill level 6 in Axes
  3630 | D:4      | Reached skill level 5 in Fighting
  4288 | D:5      | Entered Level 5 of the Dungeon
  4289 | D:5      | Noticed Sigmund
  4302 | D:5      | Killed Sigmund
  4303 | D:5      | Reached XP level 7. HP: 56/61 MP: 6/6
  4351 | D:5      | Found a radiant altar of Vehumet.
  4410 | D:5      | Reached skill level 7 in Axes
  4422 | D:5      | Reached skill level 5 in Armour
  4906 | D:5      | Reached skill level 8 in Axes
  4906 | D:5      | Reached XP level 8. HP: 25/70 MP: 7/7
  5363 | D:5      | Found a staircase to the Ecumenical Temple.
  5646 | D:6      | Reached skill level 5 in Shields
  5730 | D:6      | Found a white marble altar of Elyvilon.
  5739 | D:6      | Reached **** piety under Trog
  5926 | D:6      | Found a glowing drain.
  5938 | Sewer    | Entered a sewer
  6006 | Sewer    | Noticed Pargi
  6015 | Sewer    | Killed Pargi
  6016 | Sewer    | Reached skill level 9 in Axes
  6179 | D:6      | Found a glowing silver altar of Zin.
  6763 | D:6      | Reached XP level 9. HP: 77/79 MP: 8/8
  6999 | D:7      | Reached skill level 10 in Axes
  8319 | D:8      | Reached ***** piety under Trog
  8363 | D:8      | Slain by a gnoll sergeant

Illustrated notes

Levels and vault maps discovered:
D:1:      lemuel_arrival_broad_hall, layout_basic, st_stairs_5
D:2:      layout_loops_corners, basic_ecumenical_altar
D:3:      corexii_shack_village, layout_rooms, nicolae_overflow_hidden_temple,
          serial_shops, shop, kennysheep_decorative_pillar,
          kennysheep_generic_room_6, uniq_crazy_yiuf_cottage
D:4:      layout_loops_ring, gammafunk_temple_overflow_claw
D:5:      layout_cave_pools, mainiacjoe_overflow_chevrons,
          lemuel_temple_firewalk_b, uniq_sigmund
D:6:      layout_basic, mainiacjoe_overflow_large_starburst,
          portal_sewer_entry_f
D:7:      layout_basic, minivault_4
D:8:      layout_rooms, marbit_many_paths

Skill      XL: |  1  2  3  4  5  6  7  8  9 |
---------------+----------------------------+-----
Axes           | 4 5 6 8 9 10 | 10.9
Shields        | 1 2 3 4 6 7 |  7.1
Fighting       | 4 5 6 7 8 |  8.1
Armour         | 3 4 5 6 7 |  7.5
Dodging        | |  2.1

Action                   |  1- 3 |  4- 6 |  7- 9 || total
-------------------------+-------+-------+-------++-------
Melee: Hand axe          |    88 |   128 |   290 ||   506
       Headbutt          |    15 |    17 |    47 ||    79
       Punch             |       |       |     4 ||     4
Invok: Berserk           |       |     1 |     4 ||     5
  Use: Potion            |       |     4 |     3 ||     7
       Scroll            |       |    14 |     4 ||    18
Armor: Leather armour    |    12 |       |       ||    12
       Scale mail        |    27 |    26 |       ||    53
       Ring mail         |     4 |    32 |       ||    36
       Plate armour      |       |       |   202 ||   202
Dodge: Dodged            |    57 |    73 |   117 ||   247
